 Dungeon Crawl Stone Soup version 0.30.1-11-g7821555f0a (webtiles) character file.

Game seed: 7376764429822426865

373 Ardargoz the Cleaver (level 6, -4/52 HPs)
             Began as a Hill Orc Berserker on Dec 19, 2023.
             Was an Elder of Trog.
             Slain by an ogre
             ... wielding a +0 giant club
              (11 damage)
             ... on level 4 of the Dungeon.
             The game lasted 01:26:37 (4032 turns).

Ardargoz the Cleaver (Hill Orc Berserker)           Turns: 4032, Time: 01:26:38

Health: -4/52      AC:  5    Str: 22    XL:     6   Next: 71%
Magic:  6/6        EV: 11    Int:  7    God:    Trog [****..]
Gold:   151        SH:  5    Dex: 10    Spells: 5/5 levels left

rFire   + . .        a - +0 hand axe
rCold   x . .        (no shield)
rNeg    . . .        p - +0 ring mail
rPois   .            (no helmet)
rElec   .            (no cloak)
rCorr   .            (no gloves)
SInv    .            (no boots)
Will    .....        Y - amulet of reflection Stlth
                     S - ring of fire
HPRegen 0.28/turn    (no ring)
MPRegen 0.10/turn

%: reflection
@: no status effects
A: no striking features
a: Renounce Religion, Berserk, Trog's Hand, Brothers in Arms


You were on level 4 of the Dungeon.
You worshipped Trog.
Trog was greatly pleased with you.
You visited 1 branch of the dungeon, and saw 4 of its levels.
You also visited: Sewer.

You collected 151 gold pieces.

Inventory:

Hand Weapons
 a - a +0 hand axe (weapon)
 k - a +0 dagger
 n - a +2 short sword of venom
 o - a +0 flail
 s - a +0 sling
 w - a +0 short sword
 x - a +0 long sword
 y - a +0 falchion of freezing
 A - a +0 whip
 C - a +0 spear
 D - a +0 dagger
 E - a +0 short sword
 F - a +0 whip
 J - a +0 dagger
 L - a +0 club
 P - a +0 short sword
 W - a +0 short sword
Missiles
 d - 33 stones (quivered)
 e - 3 large rocks
 q - a throwing net
 Q - 7 poisoned darts
 V - 3 javelins
Armour
 b - a +0 animal skin
 f - a +0 robe
 p - a +0 ring mail (worn)
 I - a +0 ring mail
 M - a +0 robe
 R - a +0 robe
 U - a +0 robe
 Z - a +0 robe
Jewellery
 S - a ring of fire (left hand)
 Y - an amulet of reflection (around neck)
Wands
 j - a wand of paralysis (6)
Scrolls
 c - 4 scrolls of teleportation
 g - a scroll of fog {unknown}
 h - a scroll of vulnerability {unknown}
 l - a scroll of blinking {unknown}
 t - 2 scrolls of identify {unknown}
 v - a scroll of brand weapon {unknown}
 G - a scroll of poison {unknown}
 O - a scroll of torment {unknown}
 T - a scroll of magic mapping {unknown}
Potions
 i - 4 potions of curing
 m - 2 potions of might {unknown}
 r - a potion of berserk rage {unknown}
 u - 2 potions of lignification
 N - a potion of haste {unknown}
 X - a potion of degeneration {unknown}


   Skills:
 - Level 4.0 Fighting
 + Level 9.0 Axes
 - Level 2.4 Armour
 - Level 2.0 Dodging
 - Level 0.1 Stealth


You had 5 spell levels left.
You didn't know any spells.
Your spell library contained the following spells:

 Spells                   Type           Power      Damage    Failure   Level
 Kiss of Death            Conj/Necr      0%         2d5       58%         1
 Ensorcelled Hibernation  Hex/Ice        0%         N/A       75%         2
 Confusing Touch          Hex            0%         N/A       92%         3
 Ozocubu's Armour         Ice            0%         N/A       92%         3
 Vampiric Draining        Necr           0%         2d6       92%         3
 Dispel Undead            Necr           0%         3d6       100%        4
 Haunt                    Necr/Summ      0%         N/A       100%        7
 Ozocubu's Refrigeration  Ice            0%         4d7       100%        7
 Infestation              Necr           0%         N/A       100%        8


Dungeon Overview and Level Annotations

Branches:
Dungeon (4/15)              Sewer (visited)
 Temple: D:4-7

Altars:
Dithmenos
Okawaru
Xom

Shops:
D:1 [


Message History

You kill the quokka!
Trog accepts your kill.
Found a book of Touch.
You see here a book of Touch.
You see here a book of Touch.
You pick up a book of Touch and begin reading...
You add the spells Kiss of Death, Confusing Touch and Dispel Undead to your library.
Found a sling.
s - a +0 sling (weapon)
a - a +0 hand axe (weapon)
Found a spear.
You see here a +0 sling.
Found a sling.
An ogre comes into view. It is wielding a +0 giant club.
Found a leather armour.
The ogre shouts!
You see here a +0 spear.
You slash the ogre!
The ogre is moderately wounded.
The ogre barely misses you.
You slash the ogre!
The ogre is heavily wounded.
The ogre closely misses you.
You closely miss the ogre.
The ogre is heavily wounded.
You hit the ogre.
The ogre is severely wounded.
The ogre hits you with a +0 giant club!!
You hit the ogre.
The ogre is severely wounded.
You hit the ogre.
The ogre is almost dead.
The ogre hits you with a +0 giant club!!
* * * LOW HITPOINT WARNING * * *
You hit the ogre but do no damage.
The ogre is almost dead.
You barely miss the ogre.
The ogre is almost dead.
The ogre hits you with a +0 giant club!
You die...

#.## #.. ...#..
#......# #.# .. ..
....##.## #.# .. ..
.##.# #. # #.# ####
#. #. #. # #.# ##..
.. # #.# #..# .# >
#.# #..# .# #
#.#####..###.###.##
#.....)....@O......
#######.#####..)[##
#.# #.## #.. # #
#### # #


You could see an ogre.

Vanquished Creatures
  A phantom (D:4)
  A bullfrog (Sewer)
  4 gnolls (D:2)
  7 adders
  2 worms
  3 dart slugs
  5 orcs (D:4)
  7 endoplasms
  16 giant cockroaches
  4 goblins
  7 hobgoblins
  7 kobolds
  8 quokkas
  11 ball pythons
  6 bats
  8 frilled lizards
  3 rats
100 creatures vanquished.

Vanquished Creatures (others)
  An orc wizard (D:4)
1 creature vanquished.

Grand Total: 101 creatures vanquished

Notes
Turn   | Place    | Note
-------+----------+-------------------------------------------
     0 | D:1      | Ardargoz the Hill Orc Berserker began the quest for the
                  | Orb.
     0 | D:1      | Reached XP level 1. HP: 19/19 MP: 1/1
   176 | D:1      | Got the Precepts of the Undead Deep Freeze
   296 | D:1      | Found Jojekavi's Armour Boutique.
   374 | D:1      | Reached XP level 2. HP: 27/27 MP: 2/2
   815 | D:2      | Reached XP level 3. HP: 15/33 MP: 3/3
   899 | D:2      | Found a faded altar of an unknown god.
  1018 | D:2      | Reached ** piety under Trog
  1153 | D:2      | Reached skill level 5 in Axes
  1303 | D:2      | Reached XP level 4. HP: 27/40 MP: 4/4
  1308 | D:2      | HP: 2/40 [worm (9)]
  1687 | D:2      | Reached skill level 6 in Axes
  2574 | D:3      | Reached XP level 5. HP: 44/46 MP: 5/5
  2742 | D:3      | Found a shimmering altar of Xom.
  2917 | D:3      | Found a shadowy altar of Dithmenos.
  2942 | D:3      | Found an iron altar of Okawaru.
  3132 | D:3      | Reached skill level 7 in Axes
  3338 | D:4      | Reached *** piety under Trog
  3442 | D:4      | Found a glowing drain.
  3478 | Sewer    | Entered a sewer
  3656 | Sewer    | Reached XP level 6. HP: 49/52 MP: 6/6
  3683 | Sewer    | Reached skill level 8 in Axes
  3901 | D:4      | Reached **** piety under Trog
  3902 | D:4      | Reached skill level 9 in Axes
  4032 | D:4      | Slain by an ogre

Illustrated notes

Levels and vault maps discovered:
D:1:      scummos_arrival_star, layout_loops_ring, serial_shops, shop,
          nicolae_eternal_life
D:2:      layout_loops_ring, nicolae_ecumenical_lake_church
D:3:      layout_rooms, mainiacjoe_overflow_alcove_4, minitemple
D:4:      layout_loops_ring, lemuel_temple_firewalk_b, gup_sewer_entry_pipe

Skill      XL: |  1  2  3  4  5  6 |
---------------+-------------------+-----
Fighting       | 4 |  4.0
Dodging        | 2 |  2.0
Axes           | 5 6 7 9 |  9.0
Armour         | |  2.4
Stealth        | |  0.1

Action                     |  1- 3 |  4- 6 || total
---------------------------+-------+-------++-------
  Melee: Hand axe          |   112 |   309 ||   421
         Punch             |     1 |     2 ||     3
  Throw: Stone             |       |     3 ||     3
 Invoke: Berserk           |     1 |       ||     1
         Trog's Hand       |       |     1 ||     1
    Use: Scroll            |     1 |     1 ||     2
         Potion            |       |     2 ||     2
   Stab: Sleeping          |     1 |       ||     1
 Armour: Animal skin       |    12 |       ||    12
         Ring mail         |    17 |    80 ||    97
  Dodge: Dodged            |    65 |   133 ||   198
  Block: Other             |       |    31 ||    31
